 Dungeon Crawl Stone Soup version 0.24-a0-769-g368c1644f8 (webtiles) character file.

Game seed: 5740016528370414072, levelgen mode: deterministic

119 Peloso the Shield-Bearer (level 4, 0/41 HPs)
             Began as a Minotaur Fighter on Oct 4, 2019.
             Slain by Robin
             ... wielding a +0 spear
              (4 damage)
             ... on level 3 of the Dungeon.
             The game lasted 00:03:48 (1754 turns).

Peloso the Shield-Bearer (Minotaur Fighter)         Turns: 1754, Time: 00:03:48

Health: 0/41       AC: 12    Str: 23    XL:     4   Next: 74%
Magic:  3/3        EV:  4    Int:  5    God:
Gold:   133        SH: 10    Dex: 11    Spells: 3/3 levels left

rFire    . . .     SeeInvis .   a - +0 long sword
rCold    . . .     Gourm    .   c - +0 shield
rNeg     . . .     Faith    .   t - +0 plate armour
rPois    .         Spirit   .   (helmet restricted)
rElec    .         Reflect  .   (no cloak)
rCorr    .         Harm     .   (no gloves)
MR       .....                  (no boots)
Stlth    ..........             (no amulet)
HPRegen  0.13/turn              n - ring of stealth
MPRegen  0.08/turn              m - +3 ring of strength

@: no status effects
A: retaliatory headbutt, horns 2
a: no special abilities


You were on level 3 of the Dungeon.
You were hungry.

You visited 1 branch of the dungeon, and saw 3 of its levels.

You collected 133 gold pieces.

Inventory:

Hand Weapons
 a - a +0 long sword (weapon)
Armour
 b - a +0 scale mail
 c - a +0 shield (worn)
 t - a +0 plate armour (worn)
Jewellery
 j - an uncursed ring of protection from cold
 m - a +3 ring of strength (right hand)
 n - a ring of stealth (left hand)
Scrolls
 e - 2 scrolls of teleportation {unknown}
 g - a scroll of immolation {unknown}
 h - a scroll of identify {unknown}
 i - 3 scrolls of remove curse {unknown}
 k - a scroll of noise {unknown}
 l - a scroll of enchant weapon {unknown}
 r - 2 scrolls of amnesia {unknown}
 u - a scroll of magic mapping {unknown}
Potions
 d - a potion of might
 o - a potion of curing {unknown}
 p - a potion of invisibility
 q - a potion of mutation {unknown}
 s - a potion of agility
Comestibles
 f - 4 rations


   Skills:
 + Level 4.4 Fighting
 + Level 3.6 Long Blades
 + Level 4.4 Armour
 + Level 0.6 Dodging
 + Level 4.6 Shields


You had 3 spell levels left.
You didn't know any spells.
Your spell library was empty.

Dungeon Overview and Level Annotations

Branches:
Dungeon (3/15)

Altars:

Annotations:
D:3 Robin


Innate Abilities, Weirdness & Mutations

You reflexively headbutt those who attack you in melee.
You have a pair of horns on your head.


Message History

You barely miss Robin.
Robin is heavily wounded.
The hobgoblin no longer looks unusually strong.
The hobgoblin hits you but does no damage.
You block Robin's attack.
Unknown command.
You hit Robin but do no damage. You headbutt Robin, but do no damage.
Robin is heavily wounded.
The hobgoblin hits you but does no damage.
You block Robin's attack. The hobgoblin barely misses you.
You furiously retaliate!
You headbutt the hobgoblin.
You kill the hobgoblin!
You barely miss Robin. Your headbutt misses Robin.
Robin is heavily wounded.
Robin hits you but does no damage. You block Robin's attack.
Unknown command.
You hit Robin but do no damage.
Robin is heavily wounded.
Robin hits you with a +0 spear.
You die...

...........#######....
###..............###.#
#.................##..
#.#.##............####
#.#.#.##).........).####
...>...†.†...........))..
.....#.##............####
.....#.##g...........####
.......)@................
...#...#############.####
###. #.# ## #.# #.# #.#
#.# #.# #.####


You could see Robin.

Vanquished Creatures
  4 adders
  A worm (D:3)
  A dart slug (D:1)
  5 orcs (D:3)
  A ball python (D:3)
  4 giant cockroaches
  11 goblins
  9 hobgoblins
  6 jackals (D:3)
  3 kobolds
  2 quokkas (D:3)
  11 bats
  3 frilled lizards (D:1)
  A leopard gecko zombie (D:3)
  6 rats
68 creatures vanquished.

Notes
Turn   | Place    | Note
-------+----------+-------------------------------------------
     0 | D:1      | Peloso the Minotaur Fighter began the quest for the Orb.
     0 | D:1      | Reached XP level 1. HP: 19/19 MP: 0/0
   288 | D:1      | Reached XP level 2. HP: 27/27 MP: 1/1
   752 | D:2      | Reached XP level 3. HP: 29/33 MP: 2/2
  1435 | D:3      | Reached XP level 4. HP: 40/40 MP: 3/3
  1712 | D:3      | Noticed Robin
  1754 | D:3      | Slain by Robin

Levels and vault maps discovered:
D:1:      dpeg_arrival_three_same_balls, layout_basic, minmay_heptomino_w4
D:2:      layout_loops_ring, first_ration
D:3:      layout_basic, minmay_misc_feat_rugged, kennysheep_generic_room_6,
          uniq_robin

Skill      XL: |  1  2  3 |
---------------+----------+-----
Fighting       | 4 |  4.4
Armour         | 4 |  4.4
Shields        | 4 |  4.6
Long Blades    | 3 |  3.6
Dodging        | |  0.6

Action                   |  1- 3 |  4- 6 || total
-------------------------+-------+-------++-------
Melee: Long sword        |    73 |    63 ||   136
       Headbutt          |    13 |    13 ||    26
  Use: Potion            |     3 |       ||     3
  Eat: Chunk             |     1 |     1 ||     2
Armor: Scale mail        |    48 |     9 ||    57
       Plate armour      |       |    53 ||    53
Dodge: Dodged            |    25 |    20 ||    45
Block: Shield            |    43 |    53 ||    96
       Rpst.: Long sword |     7 |     6 ||    13

Table legend:
 A = Non-vault XP
 B = Vault XP
 C = Vault XP percentage of total XP
 D = Non-vault monster count
 E = Vault monster count
 F = Vault count percentage of total count
                 A         B        C        D         E       F
            +---------+---------+-------+---------+---------+-------
      Total |     142 |      29 |  17.0 |      52 |      16 |  23.5
            +---------+---------+-------+---------+---------+-------
        D:1 |      22 |       4 |  15.4 |      14 |       3 |  17.6
        D:2 |      47 |       0 |   0.0 |      15 |       0 |   0.0
        D:3 |      73 |      25 |  25.5 |      23 |      13 |  36.1
            +---------+---------+-------+---------+---------+-------
